 Dungeon Crawl Stone Soup version 0.31-a0-216-g22e908daa7 (webtiles) character file.

Game seed: 6840822186265836161

68 qw the Chopper (level 4, -1/28 HPs)
             Began as a Gargoyle Fighter on July 2, 2023.
             Slain by a gnoll
             ... wielding a +0 whip
             ... led by a gnoll bouda
              (5 damage)
             ... on level 2 of the Dungeon.
             The game lasted 00:00:35 (959 turns).

qw the Chopper (Gargoyle Fighter)                    Turns: 959, Time: 00:00:35

Health: -1/28      AC: 10    Str: 21    XL:     4   Next: 19%
Magic:  4/4        EV:  9    Int:  9    God:
Gold:   51         SH:  4    Dex:  9    Spells: 3/3 levels left

rFire   . . .        Y - +1 war axe
rCold   . . .        c - +0 buckler
rNeg    + . .        b - +0 scale mail
rPois   inf          (no helmet)
rElec   +            (no cloak)
rCorr   .            (no gloves)
SInv    .            (no boots)
Will    .....        (no amulet) Stlth
                     (no ring)
HPRegen 0.24/turn    (no ring)
MPRegen 0.09/turn

%: no passive effects
@: weakened
A: sickness immunity, AC +3, negative energy resistance 1, electricity
resistance, torment resistance 1, petrification resistance
a: no special abilities


You were on level 2 of the Dungeon.
You visited 1 branch of the dungeon, and saw 2 of its levels.

You collected 51 gold pieces.


Innate Abilities, Weirdness & Mutations

You are immune to sickness and miasma.
Your stone body is resilient. (AC +3)
You are immune to poison.
You resist negative energy. (rN+)
You are resistant to electric shocks. (rElec)
You are resistant to unholy torment.
You are immune to petrification.


   Skills:
 - Level 3.2 Fighting
 + Level 3.9 Axes
 - Level 3.2 Armour
 - Level 3.2 Shields


You had 3 spell levels left.
You didn't know any spells.
Your spell library was empty.

Inventory:

Hand Weapons
 f - a +0 whip
 Y - a +1 war axe (weapon)
Armour
 b - a +0 scale mail (worn)
 c - a +0 buckler (worn)
 g - a +0 pair of boots of rampaging
 h - a +0 helmet
Scrolls
 a - a scroll of enchant armour
Potions
 d - a potion of might
 e - a potion of curing {unknown}

Dungeon Overview and Level Annotations

Branches:
Dungeon (2/15)

Altars:

Annotations:
D:2 Terence


Message History

You completely miss the gnoll.
The gnoll is moderately wounded.
You closely miss the gnoll. x2; You closely miss the gnoll bouda.
You block the gnoll's attack. The gnoll hits you but does no damage.
The gnoll bouda calls upon its god to heal the gnoll.
The gnoll's wounds heal themselves!
The gnoll barely misses you. You block the gnoll's attack.
You hit the gnoll.
The gnoll is moderately wounded.
You barely miss the gnoll. You hit the gnoll.
You hit the gnoll bouda but do no damage.
Terence the Incautious comes into view.
He is wielding a +0 mace.
You block the gnoll's attack. The gnoll bouda barely misses you.
The gnoll barely misses you. The gnoll hits you but does no damage.
The gnoll bouda barks out a call to the hunt!
The gnoll picks up the pace!
The gnoll hits you with a +0 flail.
Terence shouts!
You slash the gnoll!
The gnoll is severely wounded.
You hit the gnoll bouda. You slash the gnoll! x2
Your attacks no longer feel as feeble.
The gnoll hits you with a +0 whip. x2; The gnoll hits you with a +0 flail.
You block the gnoll bouda's attack. The gnoll completely misses you.
You barely miss the gnoll.
The gnoll is severely wounded.
You closely miss the gnoll. You hit the gnoll.
You closely miss the gnoll bouda. The gnoll completely misses you.
The gnoll hits you with a +0 flail!
The gnoll bouda calls upon its god to heal the gnoll.
The gnoll is healed somewhat.
The gnoll hits you but does no damage. The gnoll closely misses you.
You hit the gnoll.
You kill the gnoll!
You barely miss the gnoll bouda. You barely miss the gnoll.
You slash the gnoll!
You kill the gnoll!
The gnoll bouda gazes fiercely through you!
You feel your attacks grow feeble.
The gnoll bouda hits you but does no damage.
The gnoll hits you with a +0 whip.
You die...

##......#.### #.#.
#............... ...
##................ #
..##...#....##....... g
....................
#.#...................
#.#...................
.##...g)................
....@.g@................
#...#.S..<..............
........................
..........<......>..####
........)....#.....##
..?(.....###########
......#... ####.####..
#. ...


You could see Terence, a gnoll bouda, a gnoll (swift) and a ball python.

Vanquished Creatures
  Robin (D:2)
  2 gnolls (D:2)
  An adder (D:2)
  A dart slug (D:1)
  A worm (D:2)
  4 bats (D:1)
  2 endoplasms
  2 giant cockroaches (D:1)
  5 hobgoblins
  5 ball pythons
  14 goblins
  A kobold (D:1)
  3 rats
42 creatures vanquished.

Notes
Turn   | Place    | Note
-------+----------+-------------------------------------------
     0 | D:1      | qw the Gargoyle Fighter began the quest for the Orb.
     0 | D:1      | Reached XP level 1. HP: 14/14 MP: 1/1
     0 | D:1      | 0 ||| qw: Version: 0.3-a-39-g4513739
     0 | D:1      | 0 ||| qw: Game counter: 7897
     0 | D:1      | 0 ||| qw: Melee chars always use a shield: true
     0 | D:1      | 0 ||| qw: God list: Okawaru
     0 | D:1      | 0 ||| qw: Allow faded altars: false
     0 | D:1      | 0 ||| qw: Do Orc after clearing Dungeon:15 true
     0 | D:1      | 0 ||| qw: Do second Lair branch before Depths: true
     0 | D:1      | 0 ||| qw: Lair rune preference: random
     0 | D:1      | 0 ||| qw: Goals: Normal, Zot:1-4, Slime:5, God:TSO, Crypt,
                  | Tomb, Abyss, Pan, Hells, Win
     0 | D:1      | 0 ||| PLANNING D:1-11
   329 | D:1      | Reached XP level 2. HP: 19/19 MP: 2/2
   455 | D:1      | 455 ||| Stepping ~*~*~tactically~*~*~ (hiding).
   539 | D:1      | Reached skill level 3 in Axes
   643 | D:1      | Reached XP level 3. HP: 14/23 MP: 3/3
   732 | D:1      | Found a faded altar of an unknown god.
   758 | D:1      | 758 ||| READING 2 scrolls labelled FUOSANUH PUOSA.
   759 | D:1      | 759 ||| READING scroll labelled HIETRUCLIJ.
   760 | D:1      | 760 ||| READING 2 scrolls labelled NESAPN HOMAO.
   761 | D:1      | 761 ||| READING scroll labelled MIECWEKLEG.
   762 | D:1      | 762 ||| READING scroll labelled LUUFFA QYCAOSS.
   763 | D:1      | 763 ||| DROPPING scroll of fog.
   819 | D:2      | Noticed Robin
   842 | D:2      | Killed Robin
   844 | D:2      | Reached XP level 4. HP: 11/28 MP: 4/4
   845 | D:2      | 845 ||| FLEEEEING.
   846 | D:2      | 846 ||| FLEEEEING.
   847 | D:2      | 847 ||| FLEEEEING.
   848 | D:2      | 848 ||| FLEEEEING.
   849 | D:2      | 849 ||| FLEEEEING.
   850 | D:2      | 850 ||| FLEEEEING.
   851 | D:2      | 851 ||| FLEEEEING.
   852 | D:2      | 852 ||| FLEEEEING.
   853 | D:2      | 853 ||| STAIRDANCE
   956 | D:2      | Noticed Terence
   958 | D:2      | HP: 4/28 [gnoll/+0 flail[a gnoll bouda] (9)]
   959 | D:2      | Slain by a gnoll

Levels and vault maps discovered:
D:1:      matt_arrival_refuge, layout_basic,
          shapermc_ecumenical_altar_mp_vishouse, nicolae_figureground_sparkle
D:2:      minmay_spotlight, layout_rooms, uniq_terence, uniq_crazy_yiuf_cottage,
          uniq_robin

Skill      XL: |  1  2 |
---------------+-------+-----
Axes           | 2 3 |  3.9
Fighting       | |  3.2
Armour         | |  3.2
Shields        | |  3.2

Action                     |  1- 3 |  4- 6 || total
---------------------------+-------+-------++-------
  Melee: War axe           |    91 |     9 ||   100
    Use: Scroll            |     5 |       ||     5
 Armour: Scale mail        |    51 |     6 ||    57
  Dodge: Dodged            |    33 |    11 ||    44
  Block: Buckler           |    15 |     5 ||    20

Table legend:
 A = Non-vault XP
 B = Vault XP
 C = Vault XP percentage of total XP
 D = Non-vault monster count
 E = Vault monster count
 F = Vault count percentage of total count
                 A         B        C        D         E       F
            +---------+---------+-------+---------+---------+-------
      Total |      88 |      38 |  30.2 |      29 |      13 |  31.0
            +---------+---------+-------+---------+---------+-------
        D:1 |      34 |       0 |   0.0 |      19 |       0 |   0.0
        D:2 |      54 |      38 |  41.3 |      10 |      13 |  56.5
            +---------+---------+-------+---------+---------+-------
